 Dungeon Crawl Stone Soup version 0.23-a0-402-g64599a10a2 (webtiles) character file.

452130 MAGA the Slayer (level 24, -2/240 HPs)
             Began as a Hill Orc Fighter on Oct 31, 2018.
             Was the Champion of Okawaru.
             Shot with a bolt by a yaktaur captain (38 damage)
             ... on level 5 of the Vaults on Nov 4, 2018.
             The game lasted 03:12:11 (45795 turns).

MAGA the Slayer (Hill Orc Fighter)                 Turns: 45795, Time: 03:12:11

Health: -2/240     AC: 31    Str: 34    XL:     24   Next: 31%
Magic:  26/30      EV:  4    Int: 15    God:    Okawaru [******]
Gold:   2537       SH: 17    Dex: 13    Spells: 23/23 levels left

rFire    + + +     SeeInvis +   i - +9 broad axe of Cacsiki {freeze, Int+4}
rCold    + + .     Gourm    .   M - +3 shield {rF+}
rNeg     . . .     Faith    .   d - +2 gold dragon scales
rPois    +         Spirit   .   k - +2 hat {SInv}
rElec    .         Reflect  .   G - +1 cloak {+Inv}
rCorr    .         Harm     .   y - +2 pair of gloves {Dex+3}
MR       +....                  Q - +1 pair of boots {run}
Stlth    ..........             C - amulet of regeneration
HPRegen  0.90/turn              Y - ring of the Mage {Wiz MR++ Int+3}
MPRegen  0.22/turn              X - ring "Dopemus" {rF+ rC+ EV-3 Str+4}

@: vulnerable, finesse, very slightly contaminated, heavily drained, quick
A: deformed body
}: 2/15 runes: serpentine, barnacled
a: Heroism, Finesse, Renounce Religion, Evoke Invisibility


You were on level 5 of the Vaults.
You worshipped Okawaru.
Okawaru was exalted by your worship.
You were very full.

You visited 8 branches of the dungeon, and saw 39 of its levels.
You visited 1 bazaar.
You also visited: Bailey, Ice Cave and Volcano.

You collected 4693 gold pieces.
You spent 2156 gold pieces at shops.

Inventory:

Hand Weapons
 a - a +7 broad axe of flaming
 i - the +9 broad axe of Cacsiki (weapon) {freeze, Int+4}
   (You acquired it on level 4 of the Vaults)

   It has been specially enchanted to freeze those struck by it, causing extra
   injury to most foes and up to half again as much damage against particularly
   susceptible opponents.
   It can also slow down cold-blooded creatures.
   It affects your intelligence (+4).
 I - a +0 sacred scourge of holy wrath
 K - a +4 vampiric war axe
Missiles
 E - 7 silver javelins (quivered)
 H - 8 poisoned javelins
Armour
 d - +2 gold dragon scales (worn)
 k - a +2 hat of see invisible (worn)
 y - a +2 pair of gloves of dexterity (worn)
 G - a +1 cloak of invisibility (worn)
 L - a +2 large shield of protection
 M - a +3 shield of fire resistance (worn)
 Q - a +1 pair of boots of running (worn)
Jewellery
 r - an uncursed ring of poison resistance
 t - an uncursed ring of protection from fire
 z - an uncursed ring of protection from cold
 C - an amulet of regeneration (around neck)
 X - the ring "Dopemus" (right hand) {rF+ rC+ EV-3 Str+4}
   (You bought it in a shop on level 3 of the Shoals)

   [ring of evasion]

   It affects your evasion (-3).
   It affects your strength (+4).
   It protects you from fire.
   It protects you from cold.
 Y - the ring of the Mage (left hand) {Wiz MR++ Int+3}
   (You bought it in a shop on level 4 of the Vaults)

   [ring of wizardry]

   It improves your spell success rate.
   It affects your intelligence (+3).
   It affects your resistance to hostile enchantments.
Wands
 g - a wand of random effects (13)
 u - a wand of paralysis (6)
 F - a wand of polymorph (29)
 T - a wand of iceblast (36)
 W - a wand of flame (27)
 Z - a wand of acid (22)
Scrolls
 e - 9 scrolls of teleportation
 h - 6 scrolls of fog
 j - 18 scrolls of remove curse
 m - 2 scrolls of blinking
 o - 7 scrolls of amnesia
 q - a scroll of holy word
 s - 8 scrolls of immolation
 J - 5 scrolls of fear
Potions
 b - a potion of ambrosia
 l - 9 potions of curing
 p - 7 potions of cancellation
 v - 10 potions of lignification
 w - 2 potions of heal wounds
 x - a potion of brilliance {unknown}
 A - 5 potions of agility
 B - 3 potions of magic
 D - 5 potions of haste
 O - 2 potions of resistance
 R - a potion of flight
 V - 3 potions of might
Miscellaneous
 n - a phantom mirror
Comestibles
 f - 46 rations


   Skills:
 + Level 24.8(22.7) Fighting
 - Level 20.9(18.9) Axes
 - Level 12.6(11.0) Throwing
 + Level 23.3(21.3) Armour
 - Level 15.0(13.3) Shields
 - Level 10.0(8.4) Invocations
 + Level 9.7(8.1) Evocations


You had 23 spell levels left.
You didn't know any spells.
Your spell library contained the following spells:

 Spells                   Type           Power        Failure   Level  Hunger
 Animate Skeleton         Necr           N/A          65%         1    ##.....
 Apportation              Tloc           #.....       65%         1    ##.....
 Confusing Touch          Hex            #.....       65%         1    ##.....
 Corona                   Hex            #......      65%         1    ##.....
 Flame Tongue             Conj/Fire      #....        65%         1    ##.....
 Magic Dart               Conj           #...         65%         1    ##.....
 Pain                     Necr           #...         65%         1    ##.....
 Summon Small Mammal      Summ           #...         65%         1    ##.....
 Blink                    Tloc           N/A          77%         2    ###....
 Call Imp                 Summ           #.......     77%         2    ###....
 Passwall                 Tmut/Erth      #.......     77%         2    ###....
 Searing Ray              Conj           #.....       77%         2    ###....
 Shroud of Golubria       Chrm/Tloc      #.........   77%         2    ###....
 Slow                     Hex            #.......     77%         2    ###....
 Throw Flame              Conj/Fire      #.....       77%         2    ###....
 Call Canine Familiar     Summ           #.......     93%         3    ####...
 Conjure Flame            Conj/Fire      #.......     93%         3    ####...
 Dazzling Spray           Conj/Hex       #.....       93%         3    ####...
 Gell's Gravitas          Tloc           #.........   93%         3    ####...
 Ignite Poison            Fire/Tmut/Pois #.......     93%         3    ####...
 Inner Flame              Hex/Fire       #.......     93%         3    ####...
 Lesser Beckoning         Tloc           #.........   93%         3    ####...
 Portal Projectile        Hex/Tloc       #.....       93%         3    ####...
 Regeneration             Chrm/Necr      #.........   93%         3    ####...
 Spider Form              Tmut/Pois      #.........   93%         3    ####...
 Summon Guardian Golem    Hex/Summ       #.......     93%         3    ####...
 Teleport Other           Tloc           #.......     93%         3    ####...
 Vampiric Draining        Necr           #.........   93%         3    ####...
 Animate Dead             Necr           N/A          100%        4    #####..
 Cause Fear               Hex            #.........   100%        4    #####..
 Force Lance              Conj/Tloc      #.......     100%        4    #####..
 Fulminant Prism          Conj/Hex       #.........   100%        4    #####..
 Iskenderun's Mystic Bla  Conj           #.......     100%        4    #####..
 Leda's Liquefaction      Hex/Erth       #.........   100%        4    #####..
 Passage of Golubria      Tloc           N/A          100%        4    #####..
 Petrify                  Tmut/Erth      #.......     100%        4    #####..
 Sticky Flame             Conj/Fire      #.......     100%        4    #####..
 Summon Ice Beast         Ice/Summ       #.......     100%        4    #####..
 Summon Lightning Spire   Summ/Air       #.......     100%        4    #####..
 Bolt of Magma            Conj/Fire/Erth #.........   100%        5    ######.
 Fireball                 Conj/Fire      #.........   100%        5    ######.
 Iskenderun's Battlesphe  Conj/Chrm      #.......     100%        5    ######.
 Venom Bolt               Conj/Pois      #.........   100%        5    ######.
 Iron Shot                Conj/Erth      #.........   100%        6    #######
 Statue Form              Tmut/Erth      #........    100%        6    #######
 Orb of Destruction       Conj           #.........   100%        7    #######
 Spellforged Servitor     Conj/Summ      #.........   100%        7    #######


Dungeon Overview and Level Annotations

Branches:
Dungeon (15/15)            Temple (0/1) D:5            Lair (6/6) D:10
 Shoals (4/4) Lair:2        Snake (4/4) Lair:4        Slime (0/5) Lair:5
    Orc (2/2) D:10            Elf (1/3) Orc:2        Vaults (5/5) D:13
  Crypt (0/3) Vaults:3     Depths (2/5) D:15

Altars:
Cheibriados
Dithmenos
Kikubaaqudgha
Nemelex Xobeh
Okawaru
Ru
Trog
Vehumet
Xom
Beogh

Shops:
Orc:2 =(*[   Shoals:1 %   Shoals:3 =   Snake:1 !   Snake:4 **!   Vaults:2 :
Vaults:4 ((=%   Depths:1 *

Portals:
Hell: Depths:1
Abyss: Depths:1
Pandemonium: Depths:2

Annotations:
D:6 exclusion: downstairs
D:10 exclusion: obsidian statue
D:15 Ciugracu's ghost, weakling FoFi


Innate Abilities, Weirdness & Mutations

Armour fits poorly on your strangely shaped body.


Message History

The fire giant burns you.
* * * LOW HITPOINT WARNING * * *
You block the freezing wraith's attack.
The freezing wraith hits you but does no damage.
You feel much better. The ancient lich barely misses you.
You block the phantasmal warrior's attack.
You block the freezing wraith's attack. The freezing wraith hits you.
* * * LOW HITPOINT WARNING * * *
Blink to where?
Press: ? - help, Dir - move target cursor You are very lightly contaminated with residual magic.
As you read the scroll of blinking, it crumbles to dust.
A deep elf mage comes into view. It is wielding a +0 dagger.
The deep elf mage shouts!
The yaktaur captain unwields a +0 arbalest of velocity.
You block the yaktaur captain's attack.
The phantasmal warrior blinks!
The deep elf mage moves out of view.
The yaktaur captain wields a +0 arbalest of velocity.
The yaktaur captain shoots a bolt.
The bolt hits you!!!
You die...

###################
...................
...................
.....=..#.#.#######
........@........
#...e#.####....#
#.....c...###....
#....#..W...##...
...p
#....#....)..#...
.... #...
#.......##.p ...#
#....#.....C..#
.?.#
#....#e....L..# ..#
#....#.####.pW##


You could see a yaktaur captain and 2 deep elf magi.

Vanquished Creatures
  Mennas (Vaults:2)
  The ghost of ArschAngel the Conqueror, a master HOMo of Jiyva (Vaults:4)
  Boris (Vaults:4)
  Margery (Depths:1)
  Saint Roka (Vaults:4)
  Vashnia (Snake:4)
  Jory (Vaults:2)
  A golden dragon (Depths:2)
  the Enchantress (Depths:1)
  Rupert (Lair:3)
  3 tentacled monstrosities (Vaults:4)
  A lich (Vaults:3)
  The ghost of Yvac the Brawler, an adept TrFi of Elyvilon (Snake:3)
  A kraken (Shoals:3)
  A sphinx (Vaults:4)
  Kirke (D:15)
  The ghost of SnubMonkey the Imperceptible, an adept SpEn of Gozag (Vaults:3)
  Roxanne (Snake:3)
  10 nagarajas
  3 tengu reavers
  Ilsuiw (Shoals:2)
  11 frost giants
  7 fire giants
  A deep elf sorcerer (Vaults:1)
  An iron dragon (Vaults:5)
  14 vault wardens
  2 orc warlords
  Louise (Shoals:2)
  3 cacodemons
  9 ironheart preservers
  A juggernaut zombie (Depths:1)
  A ghoul (Vaults:1)
  4 spriggan defenders
  3 war gargoyles
  12 stone giants
  14 very ugly things
  2 entropy weavers
  A juggernaut skeleton (Depths:1)
  A vampire knight (Depths:2)
  5 deep elf demonologists
  2 deep elf annihilators
  4 spark wasps
  A deep elf death mage (Vaults:4)
  10 ettins
  8 merfolk impalers
  12 yaktaur captains
  6 fire dragons
  Josephine (Lair:4)
  4 great orbs of eyes
  A merfolk javelineer (Shoals:3)
  Erolcha (D:10)
  A rakshasa (Vaults:3)
  Harold (D:7)
  32 vault guards
  13 naga warriors
  7 hydras
  Fannar (Orc:1)
  2 spriggan air magi
  4 ice dragons
  An alligator snapping turtle (Shoals:4)
  A catoblepas (Lair:6)
  9 centaur warriors
  7 merfolk avatars
  4 satyrs
  5 tengu warriors
  9 anacondas
  40 two-headed ogres
  9 merfolk aquamancers
  11 ogre magi
  6 death yaks (Lair:6)
  5 death knights
  2 vampire magi (Depths:2)
  4 deep troll earth magi
  3 deep troll shamans
  An orc high priest (Orc:2)
  5 deep elf knights
  A spriggan berserker (Depths:1)
  7 shock serpents
  A storm dragon zombie (Vaults:4)
  10 naga sharpshooters
  Nergalle (Lair:4)
  A sun demon (Depths:2)
  A sixfirhy (Depths:2)
  3 hell knights (Depths:1)
  3 salamander mystics
  A storm dragon skeleton (Vaults:3)
  26 skeletal warriors
  An entropy weaver zombie (Vaults:1)
  2 unseen horrors
  A death drake (shapeshifter) (Vaults:1)
  19 sea snakes
  10 naga ritualists
  4 wizards
  15 ironbrand convokers
  A sea snake (shapeshifter) (Vaults:5)
  5 glowing orange brains
  A swamp dragon (shapeshifter) (Vaults:4)
  A lindwurm (Lair:6)
  10 deep trolls
  6 flayed ghosts
  Pikel (D:9)
  2 lindwurms (shapeshifter)
  2 harpies (shapeshifter)
  10 harpies
  A phantasmal warrior (Vaults:4)
  A golden dragon skeleton (Depths:2)
  3 wolf spiders
  3 stone giant zombies
  16 orc knights
  A frost giant zombie (Vaults:2)
  11 necromancers
  2 wolf spider zombies (D:14)
  A sphinx zombie (D:15)
  2 fire giant zombies
  10 orc sorcerers
  7 mana vipers
  A sphinx skeleton (Vaults:1)
  A faun (shapeshifter) (Depths:1)
  A shining eye (shapeshifter) (Vaults:5)
  26 ugly things
  12 deep elf magi
  An orb spider (shapeshifter) (Vaults:2)
  14 manticores
  11 fauns
  A moth of wrath (shapeshifter) (Vaults:5)
  8 salamanders
  8 cyclopes
  13 elephants
  17 vault sentinels
  8 human skeletons
  2 iron dragon skeletons
  25 black mambas
  Joseph (D:7)
  7 merfolk sirens
  4 fire giant skeletons
  5 guardian serpents
  4 water nymphs
  15 naga magi
  Psyche (D:9)
  A guardian serpent (shapeshifter) (Vaults:4)
  2 ice statues (IceCv)
  A stone giant skeleton (Vaults:3)
  3 torpor snails
  54 yaktaurs
  14 spiny frogs
  A kobold demonologist (D:12)
  2 human zombies
  A yaktaur zombie (Vaults:3)
  2 komodo dragons
  3 rime drakes
  A komodo dragon (shapeshifter) (Depths:1)
  2 spectral nagas (Snake:3)
  A tengu conjurer (Depths:2)
  8 ice devils
  2 efreet (D:14)
  6 trolls
  3 yaktaur skeletons
  2 meliai (shapeshifter)
  13 freezing wraiths
  31 merfolk
  A queen bee (D:11)
  A harpy zombie (D:15)
  2 queen bees (shapeshifter)
  A tengu simulacrum (Depths:2)
  2 polar bears (shapeshifter)
  A polar bear (Lair:2)
  4 hornets
  A hippogriff (shapeshifter) (Vaults:4)
  2 hornets (shapeshifter)
  A harpy skeleton (D:14)
  5 tyrant leeches (Lair:2)
  An ice dragon zombie (D:15)
  A spriggan zombie (Depths:1)
  4 wind drakes
  10 snapping turtles
  19 slime creatures
  14 hippogriffs
  13 dream sheep
  2 ettin zombies (Vaults:3)
  A stone giant simulacrum (Vaults:3)
  21 blink frogs
  4 flying skulls (D:10)
  2 spectral black mambas (Snake:3)
  3 ettin skeletons
  A fire giant simulacrum (Vaults:4)
  3 shock serpent simulacra (Snake:3)
  6 shadows
  A spriggan (shapeshifter) (Depths:1)
  2 tarantellas (shapeshifter) (Vaults:4)
  16 wraiths
  A tarantella (Vaults:4)
  A wyvern (D:10)
  A spriggan simulacrum (Depths:2)
  67 yaks
  A redback (Vaults:3)
  A vampire (D:13)
  3 basilisks
  4 spriggans (Depths:1)
  2 basilisks (shapeshifter)
  4 hungry ghosts
  17 water elementals
  6 hogs (D:15)
  3 fire bats (Volcano)
  A chaos spawn (Depths:2)
  4 vampire mosquitoes (D:13)
  An ogre zombie (Vaults:1)
  2 acid dragons
  60 nagas
  A soldier ant (D:12)
  8 wargs
  2 swamp worms (Lair:2)
  7 porcupines
  11 water moccasins
  An ice dragon simulacrum (Depths:1)
  52 orc warriors
  2 sky beasts
  33 ogres
  4 eyes of draining
  2 necrophages
  3 phantoms
  2 hornet zombies
  4 black bears
  5 ice beasts
  16 boggarts
  A black mamba simulacrum (Snake:3)
  An eye of draining (shapeshifter) (Vaults:2)
  22 wolves
  11 crocodiles
  22 centaurs
  2 big kobolds
  19 bullfrogs
  A wyvern zombie (D:10)
  A water moccasin zombie (D:8)
  2 wyvern skeletons (D:14)
  A human simulacrum (Vaults:2)
  5 scorpions
  43 killer bees
  An elf simulacrum (Vaults:3)
  12 wights
  A vampire bat (D:7)
  3 howler monkeys
  2 electric eels (Lair:3)
  4 centaur zombies
  2 bullfrog zombies
  13 crimson imps
  5 jellies
  5 hounds
  30 orc wizards
  Crazy Yiuf (D:5)
  10 centaur skeletons
  26 orc priests
  4 bullfrog skeletons
  8 iguanas
  6 hell rats (Lair:5)
  3 naga simulacra (Snake:3)
  12 worker ants
  A killer bee zombie (D:10)
  2 hound zombies
  A hound skeleton (D:7)
  A howler monkey zombie (D:10)
  4 worker ant zombies
  15 adders
  7 gnolls
  3 shadow imps
  12 white imps
  6 ufetubi (IceCv)
  2 oozes
  3 adder skeletons
  An adder zombie (D:7)
  A worm (D:3)
  4 dart slugs
  6 leopard geckos
  119 orcs
  A bat skeleton (D:7)
  3 bat zombies (D:7)
  9 giant cockroaches
  6 hobgoblins
  11 jackals
  2 quokkas
  A ball python (D:3)
  8 bats
  5 frilled lizards
  14 goblins
  12 kobolds
  A leopard gecko skeleton (D:4)
  A leopard gecko zombie (D:5)
  A quokka zombie (D:6)
  10 rats
  9 fungi
  11 plants
  3 tentacles (Shoals:3)
1955 creatures vanquished.

Vanquished Creatures (others)
  2 titans
  A reaper (IceCv)
  A stone giant (Vaults:4)
  An unseen horror (D:13)
  A sphinx zombie (Vaults:4)
  A necromancer (Vaults:4)
  An orc knight (Vaults:4)
  A stone giant skeleton (Vaults:4)
  An orc warrior (Vaults:4)
  A slave (D:9)
  An orc priest (Vaults:4)
  An orc wizard (Vaults:4)
  4 ufetubi (IceCv)
  An orc (Vaults:5)
  21 fungi
  21 plants
  4 tentacles (Shoals:3)
  4 toadstools (D:10)
68 creatures vanquished.

Grand Total: 2023 creatures vanquished

Notes
Turn   | Place    | Note
-------+----------+-------------------------------------------
     0 | D:1      | MAGA the Hill Orc Fighter began the quest for the Orb.
     0 | D:1      | Reached XP level 1. HP: 19/19 MP: 1/1
    80 | D:1      | Reached XP level 2. HP: 19/27 MP: 2/2
   883 | D:2      | Reached skill level 4 in Fighting
   883 | D:2      | Reached XP level 3. HP: 17/33 MP: 3/3
  1305 | D:2      | Found an iron altar of Okawaru.
  1322 | D:2      | Became a worshipper of Warmaster Okawaru
  1384 | D:2      | Found a faded altar of an unknown god.
  1544 | D:2      | Reached XP level 4. HP: 40/40 MP: 4/4
  2458 | D:4      | Reached XP level 5. HP: 47/47 MP: 5/5
  2492 | D:4      | Noticed an ogre
  2495 | D:4      | Killed an ogre
  2495 | D:4      | Reached * piety under Okawaru
  2495 | D:4      | Reached skill level 5 in Axes
  2648 | D:4      | Got a jewelled dagger
  2649 | D:4      | Identified the +1 dagger "Ogrebane" {vamp, rPois} (You
                  | found it on level 4 of the Dungeon)
  2836 | D:4      | Noticed an ogre
  3024 | D:4      | Reached XP level 6. HP: 49/53 MP: 6/6
  3725 | D:4      | Reached skill level 5 in Fighting
  3783 | D:4      | Reached ** piety under Okawaru
  3783 | D:4      | Reached XP level 7. HP: 53/61 MP: 7/7
  3798 | D:4      | Found a shimmering altar of Xom.
  3799 | D:4      | Found a shimmering altar of Xom.
  3799 | D:4      | Found a shimmering altar of Xom.
  3816 | D:4      | Found a shimmering altar of Xom.
  3816 | D:4      | Found a shimmering altar of Xom.
  3817 | D:4      | Found a shimmering altar of Xom.
  4048 | D:5      | Entered Level 5 of the Dungeon
  4106 | D:5      | Found a staircase to the Ecumenical Temple.
  4129 | D:5      | Reached skill level 5 in Armour
  4129 | D:5      | Reached skill level 5 in Shields
  4394 | D:5      | Found a runed door.
  4462 | D:5      | Noticed Crazy Yiuf
  4474 | D:5      | Killed Crazy Yiuf
  4650 | D:5      | Reached XP level 8. HP: 64/70 MP: 8/8
  4695 | D:5      | Found a sparkling altar of Nemelex Xobeh.
  4780 | D:5      | Found a radiant altar of Vehumet.
  4850 | D:5      | Reached skill level 6 in Fighting
  5872 | D:6      | Reached *** piety under Okawaru
  5876 | D:6      | Reached XP level 9. HP: 64/78 MP: 6/9
  5877 | D:6      | Found a sparkling altar of Nemelex Xobeh.
  5995 | D:7      | Noticed Joseph
  6057 | D:7      | Reached skill level 7 in Fighting
  6104 | D:7      | Reached skill level 10 in Axes
  6335 | D:7      | Found a sacrificial altar of Ru.
  6374 | D:7      | Killed Joseph
  6374 | D:7      | Reached **** piety under Okawaru
  6625 | D:7      | Reached skill level 8 in Fighting
  6676 | D:7      | Found an ancient bone altar of Kikubaaqudgha.
  6807 | D:8      | Noticed Harold
  7004 | D:8      | Noticed a two-headed ogre
  7025 | D:7      | Reached XP level 10. HP: 74/88 MP: 10/10
  7219 | D:7      | Killed Harold
  7219 | D:7      | Reached ***** piety under Okawaru
  7219 | D:7      | Received a gift from Okawaru
  7587 | D:8      | Found a shadowy altar of Dithmenos.
  7717 | D:8      | Killed a two-headed ogre
  7717 | D:8      | Reached skill level 9 in Fighting
  8268 | D:9      | Noticed Pikel
  8284 | D:9      | Killed Pikel
  8311 | D:9      | Noticed Psyche
  8322 | D:9      | Killed Psyche
  8322 | D:9      | Reached XP level 11. HP: 90/97 MP: 8/11
  8458 | D:9      | Found a sparkling altar of Nemelex Xobeh.
  8473 | D:9      | Got a steaming hat
  8480 | D:9      | Identified the +0 hat of Tobeagij {Int-2 Dex+7 SInv} (You
                  | found it on level 9 of the Dungeon)
  9128 | D:10     | Entered Level 10 of the Dungeon
  9128 | D:10     | Found a staircase to the Orcish Mines.
  9195 | D:10     | Noticed Erolcha
  9206 | D:10     | Killed Erolcha
  9257 | D:10     | Reached skill level 10 in Fighting
  9667 | D:10     | Noticed an obsidian statue
  9802 | D:10     | Noticed a skeletal warrior
  9838 | D:10     | Noticed a skeletal warrior
  9840 | D:10     | Killed a skeletal warrior
  9840 | D:10     | Reached skill level 15 in Axes
  9845 | D:10     | Reached skill level 10 in Shields
 10104 | D:9      | Killed a skeletal warrior
 10104 | D:9      | Received a gift from Okawaru
 10104 | D:9      | Reached skill level 10 in Armour
 10104 | D:9      | Reached XP level 12. HP: 61/106 MP: 10/12
 10176 | D:10     | Received a gift from Okawaru
 10276 | D:10     | Found a staircase to the Lair.
 10742 | Lair:1   | Entered Level 1 of the Lair of Beasts
 10983 | Lair:1   | Reached skill level 1 in Invocations
 11625 | Lair:2   | Found a staircase to the Shoals.
 11780 | Lair:2   | Reached skill level 5 in Invocations
 12131 | Lair:2   | Received a gift from Okawaru
 12134 | Lair:2   | Got a pair of heavily runed gloves {god gift}
 12145 | Lair:2   | Identified the +1 pair of gloves "Soill" {+Inv Str-4 Int+4
                  | SInv} (Okawaru gifted it to you on level 2 of the Lair of
                  | Beasts)
 12634 | Lair:3   | Reached XP level 13. HP: 106/113 MP: 18/18
 13147 | Lair:3   | Noticed Rupert
 13167 | Lair:3   | Killed Rupert
 13500 | Lair:4   | Found a staircase to the Snake Pit.
 13500 | Lair:4   | Noticed Nergalle
 13519 | Lair:4   | Killed Nergalle
 13756 | Lair:4   | Reached skill level 10 in Invocations
 14108 | Lair:4   | Noticed Josephine
 14114 | Lair:4   | Received a gift from Okawaru
 14123 | Lair:4   | Killed Josephine
 14863 | Lair:5   | Reached skill level 11 in Fighting
 15155 | Lair:5   | Reached ****** piety under Okawaru
 15234 | Lair:5   | Reached XP level 14. HP: 116/124 MP: 21/21
 15235 | Lair:5   | Received a gift from Okawaru
 15532 | Lair:5   | Found a staircase to the Slime Pits.
 15720 | Lair:6   | Entered Level 6 of the Lair of Beasts
 15752 | Lair:6   | Found a dark tunnel.
 15767 | Volcano  | Entered a volcano
 15826 | Volcano  | Reached skill level 12 in Fighting
 16182 | Lair:6   | Received a gift from Okawaru
 16203 | Lair:6   | Got a shimmering plate armour {god gift}
 16204 | Lair:6   | Identified the +1 plate armour "Jeogho" {Regen+ Str-4 Int+2
                  | Dex+4} (Okawaru gifted it to you on level 6 of the Lair of
                  | Beasts)
 16402 | Lair:6   | Got a steaming long sword
 16423 | Lair:6   | Identified the +2 long sword "Neommeag" {slice, Dex+2} (You
                  | found it on level 6 of the Lair of Beasts)
 16811 | Lair:6   | Reached skill level 15 in Shields
 16895 | Lair:6   | Reached XP level 15. HP: 134/134 MP: 22/22
 17522 | Lair:1   | Received a gift from Okawaru
 17525 | Lair:1   | Got a bloodstained spear {god gift}
 17526 | Lair:1   | Identified the +2 spear of Defence {pierce, Int+2 Dex+3}
                  | (Okawaru gifted it to you on level 1 of the Lair of Beasts)
 17606 | Snake:1  | Entered Level 1 of the Snake Pit
 18185 | Snake:1  | Reached skill level 13 in Fighting
 18277 | Snake:1  | Identified a +0 pair of boots of running (You found it on
                  | level 1 of the Snake Pit)
 18694 | Snake:1  | Found Izum's Distillery.
 18702 | Snake:1  | Bought 2 potions of degeneration for 26 gold pieces
 19032 | Snake:2  | Noticed a nagaraja
 19051 | Snake:2  | Killed a nagaraja
 19051 | Snake:2  | Received a gift from Okawaru
 19173 | Snake:2  | Found a shimmering altar of Xom.
 20178 | Snake:3  | Reached skill level 14 in Fighting
 20194 | Snake:3  | Received a gift from Okawaru
 20283 | Snake:3  | Noticed a nagaraja
 20289 | Snake:3  | Identified Roxanne's Tome of the Ass
 20289 | Snake:3  | Noticed Roxanne
 20313 | Snake:3  | Killed a nagaraja
 20453 | Snake:3  | Reached XP level 16. HP: 146/146 MP: 15/23
 20512 | Snake:3  | Found a runed gate.
 20514 | Snake:3  | Found a runed gate.
 20516 | Snake:3  | Found a runed gate.
 20519 | Snake:3  | Noticed Yvac's ghost (adept TrFi)
 20578 | Snake:3  | Killed Yvac's ghost
 20930 | Snake:3  | Killed Roxanne
 21004 | Snake:4  | Entered Level 4 of the Snake Pit
 21051 | Snake:4  | Got a warped mace
 21059 | Snake:4  | Identified the +4 mace "Wodic" {speed, *Rage +Blink rPois
                  | SInv} (You found it on level 4 of the Snake Pit)
 21206 | Snake:4  | Found Zexuner's Distillery.
 21208 | Snake:4  | Found Wieluip's General Store.
 21224 | Snake:4  | Noticed a nagaraja
 21233 | Snake:4  | Noticed a nagaraja
 21240 | Snake:4  | Noticed a nagaraja
 21257 | Snake:4  | Found Mepawus's General Store.
 21266 | Snake:4  | HP: 7/147 [poisoned by a nagaraja (poison arrow)]
 21280 | Snake:4  | Killed a nagaraja
 21292 | Snake:4  | Killed a nagaraja
 21292 | Snake:4  | Reached skill level 15 in Fighting
 21296 | Snake:4  | Killed a nagaraja
 21304 | Snake:4  | Bought a scroll of blinking for 150 gold pieces
 21308 | Snake:4  | Bought a potion of heal wounds for 60 gold pieces
 21308 | Snake:4  | Bought a potion of haste for 120 gold pieces
 21385 | Snake:4  | Noticed a nagaraja
 21403 | Snake:4  | Killed a nagaraja
 21418 | Snake:4  | Received a gift from Okawaru
 21519 | Snake:4  | Noticed Vashnia
 21616 | Snake:4  | Killed Vashnia
 21616 | Snake:4  | Received a gift from Okawaru
 21816 | Snake:4  | Reached skill level 15 in Armour
 21830 | Snake:4  | Noticed a nagaraja
 21846 | Snake:4  | Identified the +1 rapier of Urig Lie {pierce, rF+ Str-2
                  | Int+6}
 21866 | Snake:4  | Killed a nagaraja
 21866 | Snake:4  | Reached XP level 17. HP: 113/158 MP: 19/24
 21970 | Snake:4  | Reached skill level 16 in Fighting
 22101 | Snake:4  | Received a gift from Okawaru
 22298 | Snake:4  | Got a serpentine rune of Zot
 24895 | D:13     | Found a gate to the Vaults.
 24922 | D:13     | Reached skill level 17 in Fighting
 25418 | D:14     | Found Amasee's Antique Weapon Emporium.
 25452 | D:14     | Received a gift from Okawaru
 25482 | D:14     | Identified a scroll of acquirement
 25486 | D:14     | Got a warped hat
 25487 | D:14     | Identified the +2 hat of the Monkey's Uncle {MR+ Dex+3}
                  | (You acquired it on level 14 of the Dungeon)
 26139 | D:15     | Entered Level 15 of the Dungeon
 26585 | D:15     | Reached XP level 18. HP: 130/171 MP: 25/25
 26588 | D:15     | Noticed Kirke
 26593 | D:15     | Found a staircase to the Depths.
 26608 | D:15     | Killed Kirke
 26897 | D:15     | Reached skill level 18 in Fighting
 26954 | D:15     | Noticed Ciugracu's ghost (weakling FoFi)
 26971 | D:15     | Found a runed gate.
 26971 | D:15     | Found a runed gate.
 26973 | D:15     | Found a roughly hewn altar of Beogh.
 26973 | D:15     | Found a runed gate.
 27062 | D:14     | Received a gift from Okawaru
 27065 | D:14     | Got a pearl-encrusted chain mail {god gift}
 27067 | D:14     | Found the +0 Maxwell's etheric cage {RegenMP+ *Contam rElec
                  | MP+4}
 27069 | D:14     | Identified the +8 chain mail of Action {rPois} (Okawaru
                  | gifted it to you on level 14 of the Dungeon)
 27289 | Orc:1    | Entered Level 1 of the Orcish Mines
 27392 | Orc:1    | Found a flagged portal.
 27402 | Bailey   | Entered a bailey
 27649 | Orc:1    | Found a bloodstained altar of Trog.
 27796 | Orc:1    | Noticed Fannar
 27810 | Orc:1    | Killed Fannar
 27962 | Orc:1    | Upgraded the game from 0.23-a0-393-g6e9e0f2070 to
                  | 0.23-a0-395-gcf17ac6c65
 27963 | Orc:2    | Entered Level 2 of the Orcish Mines
 27976 | Orc:2    | Found a staircase to the Elven Halls.
 28014 | Elf:1    | Entered Level 1 of the Elven Halls
 28129 | Orc:2    | Found a roughly hewn altar of Beogh.
 28134 | Orc:2    | Found Gudghoytt's Antique Weapon Shoppe.
 28158 | Orc:2    | Found Janledalei's Jewellery Shoppe.
 28180 | Orc:2    | Found a frozen archway.
 28191 | IceCv    | Entered an ice cave
 28666 | Orc:2    | Found Deemig's General Store.
 28682 | Orc:2    | Found Cadghen's Antique Armour Shoppe.
 29423 | Shoals:1 | Entered Level 1 of the Shoals
 29588 | Shoals:1 | Found Ollin's Food Emporium.
 29837 | Shoals:1 | Reached skill level 1 in Throwing
 29908 | Shoals:1 | Reached skill level 19 in Fighting
 30230 | Shoals:2 | Received a gift from Okawaru
 30441 | Shoals:2 | Noticed Ilsuiw
 30491 | Shoals:2 | Killed Ilsuiw
 30855 | Shoals:2 | Noticed Louise
 30873 | Shoals:2 | Killed Louise
 31222 | Shoals:3 | Reached XP level 19. HP: 178/183 MP: 26/26
 31369 | Shoals:3 | Found Loci's Jewellery Emporium.
 31380 | Shoals:3 | Bought the cursed ring "Dopemus" {rF+ rC+ EV-3 Str+4} for
                  | 440 gold pieces
 31868 | Shoals:4 | Entered Level 4 of the Shoals
 32188 | Shoals:4 | Reached skill level 5 in Throwing
 32406 | Shoals:4 | Received a gift from Okawaru
 32668 | Shoals:3 | Received a gift from Okawaru
 32669 | Shoals:3 | Got an ebony executioner's axe {god gift}
 32670 | Shoals:3 | Identified the +2 executioner's axe "Ixidiob" {freeze,
                  | rPois rF- SInv} (Okawaru gifted it to you on level 3 of the
                  | Shoals)
 32831 | Shoals:4 | Reached skill level 20 in Fighting
 33163 | Shoals:4 | Got a barnacled rune of Zot
 33640 | Depths:1 | Entered Level 1 of the Depths
 33774 | Depths:1 | Received a gift from Okawaru
 33777 | Depths:1 | Noticed Margery
 34167 | Depths:1 | Killed Margery
 34198 | Depths:1 | HP: 5/187 [juggernaut zombie[a necromancer] (11)]
 34433 | Depths:1 | Reached XP level 20. HP: 195/195 MP: 27/27
 34566 | Depths:1 | Found Nufurhur's General Store.
 34566 | Depths:1 | Identified the +5 faerie dragon scales {rCorr Int+4}
 34566 | Depths:1 | Noticed the Enchantress
 34580 | Depths:1 | Killed the Enchantress
 34580 | Depths:1 | Received a gift from Okawaru
 34609 | Depths:1 | Found a gateway to Hell.
 35035 | Depths:1 | Found a snail-covered altar of Cheibriados.
 35460 | Depths:1 | Reached skill level 21 in Fighting
 35468 | Depths:1 | Found a one-way gate to the infinite horrors of the Abyss.
 36160 | Depths:2 | Received a gift from Okawaru
 36186 | Depths:2 | Received a gift from Okawaru
 36483 | Depths:2 | Found a one-way gate leading to the halls of Pandemonium.
 36990 | Depths:2 | Noticed a golden dragon
 36992 | Depths:2 | Identified the +5 spear "Xueckek" {pierce, rF+ rN+++ Dex-5
                  | Stlth-}
 37011 | Depths:2 | Killed a golden dragon
 37011 | Depths:2 | Reached XP level 21. HP: 104/205 MP: 21/28
 37029 | Depths:2 | Reached skill level 10 in Throwing
 37050 | Depths:2 | Got diamond-encrusted pearl dragon scales {god gift}
 37128 | Depths:2 | HP: 8/206 [spriggan berserker/+3 scimitar of draining (11)]
 37567 | Vaults:1 | Entered Level 1 of the Vaults
 37789 | Vaults:1 | Received a gift from Okawaru
 37822 | Vaults:1 | Received a gift from Okawaru
 38018 | Vaults:1 | Got a scorched lajatang
 38019 | Vaults:1 | Identified the +5 pearl dragon scales of Dim Light {*Contam
                  | rPois rN+ MR+ Regen+} (Okawaru gifted it to you on level 2
                  | of the Depths)
 38074 | Vaults:1 | Reached skill level 22 in Fighting
 38104 | Vaults:1 | Received a gift from Okawaru
 38920 | Vaults:1 | Received a gift from Okawaru
 38934 | Vaults:1 | Got a slimy shield {god gift}
 38938 | Vaults:1 | Identified the +0 shield of the Saviour {rN++ Int+4 Slay-4}
                  | (Okawaru gifted it to you on level 1 of the Vaults)
 38946 | Vaults:1 | Identified the +6 lajatang of Expedience {flame, rElec}
                  | (You found it on level 1 of the Vaults)
 39251 | Vaults:2 | Found Xiufim's Book Emporium.
 39737 | Vaults:2 | Noticed Mennas
 39774 | Vaults:2 | Killed Mennas
 39774 | Vaults:2 | Reached XP level 22. HP: 162/215 MP: 21/29
 39981 | Vaults:2 | Noticed Jory
 39997 | Vaults:2 | Killed Jory
 40596 | Vaults:2 | Received a gift from Okawaru
 41026 | Vaults:2 | Upgraded the game from 0.23-a0-395-gcf17ac6c65 to
                  | 0.23-a0-402-g64599a10a2
 41208 | Vaults:3 | Reached skill level 23 in Fighting
 41209 | Vaults:3 | Noticed SnubMonkey's ghost (adept SpEn)
 41210 | Vaults:3 | Found a runed gate.
 41210 | Vaults:3 | Found a runed gate.
 41241 | Vaults:3 | Found a runed gate.
 41450 | Vaults:3 | Found a staircase to the Crypt.
 41787 | Vaults:3 | Received a gift from Okawaru
 41952 | Vaults:3 | Reached skill level 1 in Evocations
 42187 | Vaults:3 | Killed SnubMonkey's ghost
 42906 | Vaults:4 | Found Kiewkilu's Jewellery Boutique.
 42932 | Vaults:4 | Bought the ring of the Mage {Wiz MR++ Int+3} for 620 gold
                  | pieces
 42932 | Vaults:4 | Found the ring of the Mage {Wiz MR++ Int+3}
 42971 | Vaults:4 | Reached XP level 23. HP: 216/225 MP: 27/30
 43265 | Vaults:4 | Reached skill level 5 in Evocations
 43313 | Vaults:4 | Noticed Boris
 43325 | Vaults:4 | Killed Boris
 43397 | Vaults:4 | Received a gift from Okawaru
 43443 | Vaults:4 | Got an ichor-stained plate armour {god gift}
 43523 | Vaults:4 | Identified the +3 plate armour of Oblivion {rElec Str-3
                  | Dex+7 SInv} (Okawaru gifted it to you on level 4 of the
                  | Vaults)
 43583 | Vaults:4 | Found a runed gate.
 43584 | Vaults:4 | Found a runed gate.
 43592 | Vaults:4 | Found a runed gate.
 43686 | Vaults:4 | Noticed Saint Roka
 43690 | Vaults:4 | Found Jolisesa's Antique Weapon Shop.
 43707 | Vaults:4 | Killed Saint Roka
 43707 | Vaults:4 | Reached skill level 24 in Fighting
 43717 | Vaults:4 | Found Pycem's Weapon Shop.
 43842 | Vaults:4 | Got a sapphire broad axe
 43843 | Vaults:4 | Identified the +9 broad axe of Cacsiki {freeze, Int+4} (You
                  | acquired it on level 4 of the Vaults)
 44071 | Vaults:4 | Found a flickering gateway to a bazaar.
 44081 | Bazaar   | Entered a bazaar
 44083 | Bazaar   | Found Goask's Assorted Antiques.
 44087 | Bazaar   | Found Zuadas's Distillery.
 44087 | Bazaar   | Found Ycvosch's Antique Weapon Boutique.
 44087 | Bazaar   | Found Muaduth's Magic Scroll Boutique.
 44112 | Bazaar   | Bought a potion of haste for 150 gold pieces
 44112 | Bazaar   | Bought a potion of heal wounds for 75 gold pieces
 44122 | Bazaar   | Bought a scroll of blinking for 240 gold pieces
 44122 | Bazaar   | Bought a potion of heal wounds for 160 gold pieces
 44128 | Bazaar   | Bought a scroll of enchant armour for 82 gold pieces
 44128 | Bazaar   | Bought a scroll of teleportation for 33 gold pieces
 44168 | Vaults:4 | Found Naism's Food Shop.
 44589 | Vaults:4 | Found a runed gate.
 44589 | Vaults:4 | Found a runed gate.
 44594 | Vaults:4 | Found a runed gate.
 44598 | Vaults:4 | Noticed ArschAngel's ghost (master HOMo)
 44675 | Vaults:4 | Killed ArschAngel's ghost
 44675 | Vaults:4 | Gained mutation: Armour fits poorly on your strangely
                  | shaped body. [a cacodemon]
 44786 | Vaults:5 | Entered Level 5 of the Vaults
 44934 | Vaults:4 | Received a gift from Okawaru
 45115 | Vaults:5 | Received a gift from Okawaru
 45116 | Vaults:5 | Reached XP level 24. HP: 147/239 MP: 30/30
 45750 | Vaults:5 | Noticed an ancient lich
 45795 | Vaults:5 | Shot with a bolt by a yaktaur captain

Vault maps used:
D:1:      eino_arrival_water_star
D:2:      overflow_temple_1_default, chequers_ecumenical_altar_twisty,
          first_ration
D:4:      serial_co_window_serial, co_window_paths_a,
          co_window_of_opportunity_a, co_window_paths_b,
          co_window_of_opportunity_a, co_window_paths_a, co_window_corner_cb,
          co_window_unsneaky_path_a, co_window_corner_b, co_window_2corner,
          co_window_corner_b, co_window_unsneaky_path_a, co_window_broadway_a,
          co_window_4corner_b, glass_columns_c, glass_columns_b,
          glass_columns_a, glass_columns_a, xom_redecorated
D:5:      minmay_temple_entry_hall, basic_altar, nemelex_diamond_rough_becter,
          uniq_crazy_yiuf_cottage
D:6:      nemelex_dance_club_becter
D:7:      nicolae_ru_path_of_blood, kennysheep_vampire_church,
          serial_corexii_hall, corexii_hall_statues_s, corexii_hall_statues_x,
          uniq_joseph
D:8:      lemuel_ice_spiral_2, grunt_dithmenos_smoke_and_mirrors, uniq_harold
D:9:      lemuel_doored_altar, serial_park, serial_park_tiny_1,
          serial_park_square3, serial_park_gazebo, grunt_ogre_cave, uniq_psyche,
          uniq_pikel
D:10:     hangedman_screamer, lair_entry_dummy, orc_0_dummy, st_stairs_2,
          minivault_24, minmay_gold_behind_fungi, chequers_serial_rivers_room_b,
          chequers_avenue, minivault_16, uniq_erolcha
D:11:     special_room, grunt_ministairs_7
D:13:     lightli_vaults_fourway_checkpoint
D:14:     serial_shops, shop, special_room, nrook_pool_corridor
D:15:     gammafunk_depths_entry_grave, biasface_ghost_orc_armoury, uniq_kirke
Lair:1:   hibernation_bobbens, grunt_megastairs_4
Lair:2:   minmay_shoals_entry_centaurs, worms_lemuel
Lair:3:   nicolae_quartered_pool_medium, grunt_megastairs_1,
          lemuel_fruit_fields, uniq_rupert
Lair:4:   dummy_snake_entry, minivault_19, uniq_nergalle, uniq_josephine
Lair:5:   slime_dummy, grunt_megastairs_3
Lair:6:   grunt_lair_end_beastmaster, enter_volcano_1,
          hangedman_lair_generics_rect
Shoals:1: serial_shops, shop
Shoals:2: uniq_ilsuiw, uniq_louise
Shoals:3: serial_shops, nicolae_shop_waterfront
Shoals:4: shoals_end_grunt_ice, shoals_ilsuiw_ice
Snake:1:  serial_shops, shop_fountains
Snake:2:  basic_altar, special_room
Snake:3:  gammafunk_ghost_necromancy, uniq_roxanne
Snake:4:  johnstein_snake_rune_scales, st_stairs_6, minmay_shop_star
Orc:1:    enter_bailey_2, trog_butcher_becter, uniq_fannar
Orc:2:    grunt_orc_cross, portal_ice_cave_demonic_guard
Elf:1:    minmay_elf_crystal_hexagon
Vaults:1: nicolae_vaults_windows_and_doors_thing, vaults_room_semicircle,
          vaults_mumra_chevron, hangedman_vaults_river_flow,
          hangedman_vaults_slice, vaults_standard_mumra_x, v_misc_25, v_misc_3,
          hangedman_vaults_nails, ontoclasm_vaults_loading_screen
Vaults:2: ontoclasm_vaults_decontamination, serial_ice_b, st_smaller_cells,
          hangedman_vaults_cutoff, vaults_room_pool,
          vaults_standard_mumra_enter_the_diamond, v_misc_1,
          nicolae_vaults_ring_of_whatevers, v_pattern_5, serial_shops,
          shop_statue, uniq_mennas, uniq_jory
Vaults:3: gammafunk_vaults_ghost_split, vaults_room_corners,
          nicolae_vaults_network_s, minmay_crypt_entry_skeletal_spiral,
          v_misc_15, nicolae_vaults_c_with_doors, nicolae_vaults_ninety_degrees,
          v_misc_28, ontoclasm_vaults_gateway, hangedman_vaults_corner_blocks,
          v_misc_32, nicolae_vaults_little_squares_2, vaults_room_door_hall,
          v_alt_pattern_4, nicolae_vaults_shelves_hall,
          nicolae_vaults_rhombus_7, vaults_dpeg_diagonal
Vaults:4: ploomutoo_gammafunk_vaults_potion_laboratory, v_misc_4, serial_ice_b,
          vaults_dpeg_hooks, ontoclasm_vaults_hangar, ontoclasm_vaults_gallery,
          ontoclasm_vaults_hangar, v_rooms_6, v_misc_27, vaults_room_semicircle,
          vaults_dpeg_ring, vaults_room_stairs_pillars, serial_shops,
          freezing_bzr, shop, shop, nicolae_shop_competitors_out_of_business,
          nicolae_shop_temple_entry_statues_fountains, uniq_boris,
          uniq_saint_roka
Vaults:5: serial_shops
Depths:1: abyss_entry_small_statue_room, grunt_metal_band, serial_shops,
          nicolae_shop_waterfront, grunt_ministairs_13, cheibriados_altar_1,
          uniq_enchantress
Depths:2: minmay_the_grid_square_5x5_5x5_mashed, hell_entry, mu_enter_wizlab_2,
          serial_column_ruins, column_ruins_grid_1, column_ruins_columns_T,
          column_ruins_open_medium, column_ruins_open_tiny,
          column_ruins_corridor_corner, rand_demon_pan_entry_5,
          dk_noncrumbling_3
Bazaar:   bazaar_minmay_cross
Bailey:   bailey_axe_1, bailey
IceCv:    ice_cave_small_demon
Volcano:  volcano_village

Skill      XL: |  1  2  3  4  5  6  7  8  9 10 11 12 13 14 15 16 17 18 19 20 21 22 23 24 |
---------------+-------------------------------------------------------------------------+-----
Axes           | 3 4 5 6 7 9 11 13 15 16 17 19 20 | 20.9
Fighting       | 4 5 6 8 9 10 11 12 14 15 17 19 20 21 22 23 24 | 24.8
Shields        | 4 5 6 7 8 10 12 13 15 | 15.0
Armour         | 4 5 6 7 8 10 11 12 13 15 16 18 19 20 21 22 23 | 23.3
Invocations    | 7 10 | 10.0
Throwing       | 3 7 9 11 12 | 12.6
Evocations     | 3 8 9 |  9.7

Action                   |  1- 3 |  4- 6 |  7- 9 | 10-12 | 13-15 | 16-18 | 19-21 | 22-24 || total
-------------------------+-------+-------+-------+-------+-------+-------+-------+-------++-------
Melee: War axe           |   124 |   163 |   357 |   698 |  1156 |   657 |       |       ||  3155
       Broad axe         |       |       |       |       |       |  1349 |  1346 |  1154 ||  3849
Throw: Javelin           |       |       |       |       |     8 |    11 |     4 |     3 ||    26
       Tomahawk          |       |       |       |       |       |       |     5 |       ||     5
Invok: Heroism           |       |     1 |    16 |    17 |    22 |    31 |    14 |     9 ||   110
       Finesse           |       |       |       |       |     4 |     5 |     4 |     7 ||    20
Evoke: Wand              |       |       |       |     3 |    27 |     5 |    11 |     1 ||    47
  Use: Scroll            |     4 |     2 |    17 |    11 |    14 |    16 |    21 |     9 ||    94
       Potion            |       |     1 |       |     4 |     3 |     8 |     7 |     4 ||    27
 Stab: Confused          |       |       |       |       |     2 |       |       |       ||     2
       Petrified         |       |       |       |       |     5 |       |       |       ||     5
       Petrifying        |       |       |       |       |     1 |       |       |       ||     1
       Invisible         |       |       |       |       |       |     9 |     1 |     3 ||    13
       Distracted        |       |       |       |       |       |     1 |       |       ||     1
  Eat: Chunk             |     2 |     5 |     8 |    10 |     9 |     9 |     8 |     2 ||    53
       Ration            |       |     1 |     2 |     2 |    10 |    13 |     5 |     7 ||    40
Armor: Scale mail        |    58 |    88 |       |       |   119 |       |       |       ||   265
       Chain mail        |       |     9 |   156 |   213 |   274 |   370 |   483 |       ||  1505
       Plate armour      |       |       |       |       |       |   248 |       |       ||   248
       Gold dragon scale |       |       |       |       |       |       |   186 |   490 ||   676
Dodge: Dodged            |    47 |    47 |    81 |   141 |   300 |   334 |   247 |   137 ||  1334
Block: Shield            |    63 |    97 |   195 |   342 |   853 |  1505 |  1062 |   728 ||  4845

Table legend:
 A = Non-vault XP
 B = Vault XP
 C = Vault XP percentage of total XP
 D = Non-vault monster count
 E = Vault monster count
 F = Vault count percentage of total count
                 A         B        C        D         E       F
            +---------+---------+-------+---------+---------+-------
      Total |  433809 |  439017 |  50.3 |    1229 |     704 |  36.4
            +---------+---------+-------+---------+---------+-------
        D:1 |      29 |       0 |   0.0 |      20 |       0 |   0.0
        D:2 |      59 |       0 |   0.0 |      19 |       0 |   0.0
        D:3 |      75 |       0 |   0.0 |      25 |       0 |   0.0
        D:4 |     515 |       0 |   0.0 |      25 |       0 |   0.0
        D:5 |     734 |      42 |   5.4 |      26 |       1 |   3.7
        D:6 |     865 |     128 |  12.9 |      21 |       2 |   8.7
        D:7 |    1675 |    1531 |  47.8 |      40 |       7 |  14.9
        D:8 |    2567 |       0 |   0.0 |      27 |       0 |   0.0
        D:9 |    1455 |    2226 |  60.5 |      14 |       8 |  36.4
       D:10 |    2879 |    6635 |  69.7 |      37 |      34 |  47.9
       D:11 |    5789 |    2057 |  26.2 |      26 |      31 |  54.4
       D:12 |    5909 |       0 |   0.0 |      39 |       0 |   0.0
       D:13 |    7098 |    6590 |  48.1 |      33 |      11 |  25.0
       D:14 |   13570 |    2882 |  17.5 |      34 |      20 |  37.0
       D:15 |   10009 |    8664 |  46.4 |      22 |      17 |  43.6
     Lair:1 |    3957 |     719 |  15.4 |      20 |       2 |   9.1
     Lair:2 |    3592 |    2583 |  41.8 |      18 |      12 |  40.0
     Lair:3 |    3992 |    3354 |  45.7 |      20 |       2 |   9.1
     Lair:4 |    6352 |    2879 |  31.2 |      21 |       7 |  25.0
     Lair:5 |    7262 |    1061 |  12.7 |      36 |       2 |   5.3
     Lair:6 |   13280 |   14897 |  52.9 |      52 |      27 |  34.2
   Shoals:1 |   13781 |       0 |   0.0 |      28 |       0 |   0.0
   Shoals:2 |   13599 |    5552 |  29.0 |      26 |       6 |  18.8
   Shoals:3 |   23168 |     910 |   3.8 |      42 |       1 |   2.3
   Shoals:4 |   13964 |   18784 |  57.4 |      30 |      30 |  50.0
    Snake:1 |   12400 |       0 |   0.0 |      28 |       0 |   0.0
    Snake:2 |   16695 |       0 |   0.0 |      31 |       0 |   0.0
    Snake:3 |   14077 |    6517 |  31.6 |      23 |      13 |  36.1
    Snake:4 |   11828 |   47612 |  80.1 |      18 |      77 |  81.1
      Orc:1 |    3944 |    1217 |  23.6 |      32 |       5 |  13.5
      Orc:2 |    2960 |    9294 |  75.8 |      49 |      40 |  44.9
   Vaults:1 |   42184 |   21637 |  33.9 |      75 |      38 |  33.6
   Vaults:2 |   17179 |   37519 |  68.6 |      24 |      41 |  63.1
   Vaults:3 |   21308 |   40629 |  65.6 |      43 |      56 |  56.6
   Vaults:4 |   48549 |   93263 |  65.8 |      77 |      90 |  53.9
   Vaults:5 |   10218 |   28319 |  73.5 |      17 |      23 |  57.5
   Depths:1 |   53625 |   21293 |  28.4 |      79 |      17 |  17.7
   Depths:2 |   22667 |   42972 |  65.5 |      32 |      35 |  52.2
     Bailey |       0 |     873 | 100.0 |       0 |      16 | 100.0
      IceCv |       0 |    3083 | 100.0 |       0 |      24 | 100.0
    Volcano |       0 |    3295 | 100.0 |       0 |       9 | 100.0
            +---------+---------+-------+---------+---------+-------
